 Dungeon Crawl Stone Soup version 0.16-a0-331-g39fd2ee (webtiles) character file.

185 PolkaDot the Caller (level 5, 0/52 HPs)
             Began as a Vampire Summoner on Sept 6, 2014.
             Was an Initiate of Sif Muna.
             Slain by an iguana (7 damage)
             ... on Level 4 of the Dungeon.
             The game lasted 00:08:33 (2383 turns).

PolkaDot the Caller (Vampire Summoner)              Turns: 2383, Time: 00:08:33

HP   0/52        AC 22     Str  7      XL: 5   Next: 37%
MP   3/9         EV  2     Int 18      God: Sif Muna [......]
Gold 153         SH  0     Dex 14      Spells:  3 memorised,  2 levels left

rFire  . . .     SeeInvis +     h - +1 spear
rCold  . . .     Clarity  .     a - melded +0 robe
rNeg   + + +     rCorr    .     (no shield)
rPois  +         rRot     .     (no helmet)
rElec  .         Spirit   .     (cloak currently unavailable)
SustAb .         Warding  .     (gloves currently unavailable)
rMut   .         NoTele   +     (boots currently unavailable)
Gourm  .                        (no amulet)
MR     .....                    (no ring)
                                k - ring of positive energy

@: tree-form, regenerating quickly, not resistant to hostile enchantments,
fairly stealthy
A: (fangs 0), see invisible, (unbreathing)
a: Renounce Religion


You were on level 4 of the Dungeon.
You worshipped Sif Muna.
Sif Muna was noncommittal.
You were very full.
You were an animated tree.
You visited 2 branches of the dungeon, and saw 5 of its levels.

You collected 153 gold pieces.

Inventory:

Hand weapons
 h - a +1 spear (weapon)
Armour
 a - a +0 robe (melded)
Scrolls
 e - a scroll of amnesia
 g - a scroll of teleportation
 i - 2 scrolls of remove curse
Jewellery
 k - a ring of positive energy (left branch)
Potions
 f - a potion of might
 m - a potion of invisibility
Books
 b - a book of Callings

   Spells                             Type                      Level
   *Summon Small Mammal               Summoning                    1
   *Call Imp                          Summoning                    2
   *Call Canine Familiar              Summoning                    3
   Summon Guardian Golem              Hexes/Summoning              4
   Summon Lightning Spire             Summoning/Air                4
   Summon Ice Beast                   Ice/Summoning                4


   Skills:
 - Level 2.1 Dodging
 - Level 3.0 Stealth
 - Level 2.0 Spellcasting
 + Level 6.7 Summonings


You had 2 spell levels left.
You knew the following spells:

 Your Spells              Type           Power        Failure   Level  Hunger
a - Summon Small Mammal   Summ           ####         1%          1    #......
d - Call Canine Familiar  Summ           ####....     3%          3    ####...
s - Call Imp              Summ           ####....     1%          2    ##.....


Dungeon Overview and Level Annotations

Branches:
Dungeon (4/15)             Temple (1/1) D:4

Altars:
Ashenzari
Cheibriados
Dithmenos
Fedhas
Gozag
Kikubaaqudgha
Makhleb
Nemelex Xobeh
Qazlal
Sif Muna
Trog
Vehumet
Xom
Zin
The Shining One


Innate Abilities, Weirdness & Mutations

Your natural rate of healing is unusually fast.
((You have razor-sharp teeth.))
You have supernaturally acute eyesight.
((You can survive without breathing.))


Message History

Your hound dies!
Your hound's corpse disappears in a puff of smoke!
The iguana closely misses your crimson imp.
You barely miss the iguana.
The iguana is heavily wounded.
Your crimson imp hits the iguana but does no damage.
The iguana bites you!
* * * LOW HITPOINT WARNING * * *
Your crimson imp hits the iguana but does no damage.
Your crimson imp barely misses the iguana.
Drink which item? (? for menu, Esc to quit)
You turn into an animated tree.
Your +0 robe melds into your body.
Your roots penetrate the ground.
Your crimson imp hits the iguana but does no damage.
The iguana bites you but does no damage.
You hit the iguana.
The iguana is severely wounded.
Your crimson imp completely misses the iguana.
The iguana bites you!
You die...

####..##.#
##....$...#
#..8.8.8..#
######...⌠.⌠...#
#.......8.>.8..#
#.####...⌠.⌠...#
#. #..8.8.8..#
#.####........##
#.♣lO%..!...##...
####5######.# .#.
#...# ... .
...#... ... ##..
.### ... #.. ##
#.. ... .


You could see an ogre, an iguana and a friendly crimson imp.

Vanquished Creatures
  The ghost of casual the Insei, an average HuMo (D:3)
  3 adders
  A gnoll (D:1)
  2 giant mites
  3 worms
  2 giant geckos
  An ooze (D:2)
  10 bats
  4 goblins
  8 hobgoblins
  11 jackals
  8 kobolds
  3 quokkas (D:3)
  A giant cockroach (D:1)
  4 giant newts
  6 rats
68 creatures vanquished.

Vanquished Creatures (collateral kills)
  An adder (D:3)
  A hobgoblin (D:3)
  A giant newt (D:1)
  A goblin (D:3)
  A jackal (D:4)
  A kobold (D:1)
6 creatures vanquished.

Vanquished Creatures (others)
  2 hounds
2 creatures vanquished.

Grand Total: 76 creatures vanquished

Notes
Turn   | Place    | Note
--------------------------------------------------------------
     0 | D:1      | PolkaDot, the Vampire Summoner, began the quest for the Orb.
     0 | D:1      | Reached XP level 1. HP: 13/13 MP: 3/3
   210 | D:1      | Reached XP level 2. HP: 16/19 MP: 4/4
   596 | D:1      | Learned a level 2 spell: Call Imp
   655 | D:2      | Reached skill level 5 in Summonings
   682 | D:2      | Reached XP level 3. HP: 22/24 MP: 6/6
  1060 | D:2      | Learned a level 3 spell: Call Canine Familiar
  1222 | D:2      | Reached XP level 4. HP: 21/30 MP: 7/7
  1426 | D:3      | Noticed casual's ghost (average HuMo)
  1489 | D:3      | Killed casual's ghost
  1489 | D:3      | Reached skill level 6 in Summonings
  1538 | D:3      | Reached XP level 5. HP: 21/35 MP: 6/9
  2250 | D:4      | Found a staircase to the Ecumenical Temple.
  2250 | D:4      | Noticed an ogre
  2257 | Temple   | Entered the Ecumenical Temple
  2325 | Temple   | Became a worshipper of Sif Muna the Loreminder
  2383 | D:4      | Slain by an iguana

Action                   |  1- 3 |  4- 6 || total
-------------------------+-------+-------++-------
Melee: Unarmed           |    25 |       ||    25
       Spear             |   165 |   139 ||   304
 Cast: Summon Small Mamm |     3 |       ||     3
       Call Imp          |       |     3 ||     3
       Call Canine Famil |       |     5 ||     5
  Use: Potion            |     2 |     1 ||     3
       Scroll            |       |     9 ||     9
 Stab: Sleeping          |     5 |     2 ||     7
  Eat: Corpse            |    12 |    10 ||    22
